 Dungeon Crawl Stone Soup version 0.30.1-11-g7821555f0a (webtiles) character file.

Game seed: 10347928194870814756

422 safid the Conjurer (level 6, -1/35 (38) HPs)
             Began as a Gargoyle Reaver on Dec 12, 2023.
             Slain by a gnoll
             ... wielding a +0 halberd
             ... led by a gnoll bouda
              (6 damage)
             ... on level 5 of the Dungeon.
             The game lasted 00:08:15 (4214 turns).

safid the Conjurer (Gargoyle Reaver)                Turns: 4214, Time: 00:08:16

HP:   -1/35 (38)    AC:  9    Str: 18    XL:     6   Next: 95%
MP:   8/11          EV: 11    Int: 13    God:
Gold: 264           SH:  3    Dex:  8    Spells: 7/12 levels left

rFire   . . .        a - +0 mace
rCold   . . .        q - +0 buckler
rNeg    + . .        b - +0 leather armour
rPois   ∞            w - +0 helmet
rElec   +            (no cloak)
rCorr   .            y - +0 pair of gloves
SInv    .            (no boots)
Will    .....        (no amulet)
Stlth   +            (no ring)
HPRegen 0.25/turn    (no ring)
MPRegen 0.12/turn

%: no passive effects
@: immotile, drained
A: sickness immunity, AC +4, negative energy resistance 1, electricity
resistance, torment resistance 1, petrification resistance
a: no special abilities


You were on level 5 of the Dungeon.
You visited 1 branch of the dungeon, and saw 5 of its levels.

You collected 264 gold pieces.

Inventory:

Hand Weapons
 a - a +0 mace (weapon)
Armour
 b - a +0 leather armour (worn)
 q - a +0 buckler (worn)
 w - a +0 helmet (worn)
 y - a +0 pair of gloves (worn)
Wands
 x - a wand of roots (10)
Scrolls
 d - a scroll of poison {unknown}
 e - a scroll of vulnerability {unknown}
 h - 4 scrolls of magic mapping {unknown}
 i - 2 scrolls of identify {unknown}
 k - a scroll of enchant weapon {unknown}
 l - 2 scrolls of fog {unknown}
 n - a scroll of amnesia {unknown}
 p - a scroll of brand weapon {unknown}
 s - a scroll of teleportation {unknown}
 u - a scroll of torment {unknown}
Potions
 c - a potion of heal wounds {unknown}
 f - a potion of berserk rage {unknown}
 g - a potion of haste {unknown}
 j - 2 potions of lignification {unknown}
 m - a potion of invisibility {unknown}
 o - a potion of ambrosia {unknown}
 r - 2 potions of curing
 t - a potion of attraction {unknown}
 v - 2 potions of might {unknown}


   Skills:
 + Level 4.2 Fighting
 - Level 3.0 Maces & Flails
 + Level 2.1 Armour
 - Level 1.5 Dodging
 + Level 2.1 Shields
 + Level 3.5 Spellcasting
 + Level 4.9 Conjurations
 + Level 1.6 Translocations


You had 7 spell levels left.
You knew the following spells:

 Your Spells              Type           Power      Damage    Failure   Level
a - Kiss of Death         Conj/Necr      32%        2d7       12%         1
b - Momentum Strike       Conj/Tloc      20%        3d8       14%         2
c - Blink                 Tloc           12%        N/A       26%         2

Your spell library contained the following spells:

 Spells                   Type           Power      Damage    Failure   Level
 Lesser Beckoning         Tloc           12%        N/A       26%         2
 Sandblast                Erth           4%         2d4       34%         1
 Dazzling Flash           Conj/Hex       16%        N/A       36%         3
 Hailstorm                Conj/Ice       8%         3d4       36%         3
 Stone Arrow              Conj/Erth      16%        3d8       36%         3
 Passwall                 Tmut/Erth      1%         N/A       45%         2
 Volatile Blastmotes      Fire/Tloc      8%         2d10      58%         3
 Iskenderun's Mystic Bla  Conj/Tloc      10%        2d4       65%         4
 Tukima's Dance           Hex            2%         N/A       71%         3
 Passage of Golubria      Tloc           6%         N/A       86%         4
 Yara's Violent Unravell  Hex/Tmut       1%         3d3       100%        5
 Starburst                Conj/Fire      4%         6d3       100%        6


Dungeon Overview and Level Annotations

Branches:
Dungeon (5/15)
 Temple: D:4-7

Altars:
Hepliaklqana
Kikubaaqudgha
Ru
Sif Muna
Yredelemnul

Annotations:
D:4 3 runed translucent doors, turdburglar's ghost, amateur KoGl


Innate Abilities, Weirdness & Mutations

You are immune to sickness and miasma.
Your stone body is resilient. (AC +4)
You are immune to poison.
You resist negative energy. (rN+)
You are resistant to electric shocks. (rElec)
You are resistant to unholy torment.
You are immune to petrification.


Message History

You hit the iguana.
The iguana is lightly wounded.
You are no longer robbed of momentum.
The iguana closely misses you. The gnoll barely misses you.
The gnoll hits you but does no damage. The iguana bites you.
You completely miss the iguana.
The iguana is lightly wounded.
The iguana bites you. The gnoll barely misses you.
You hit the iguana.
The iguana is moderately wounded.
The iguana bites you. The gnoll barely misses you.
You hit the iguana.
The iguana is heavily wounded.
You block the iguana's attack.
The gnoll hits you from afar with a +0 halberd.
The gnoll barely misses you.
The iguana bites you but does no damage.
You hit the iguana.
The iguana is almost dead.
The iguana bites you. You block the gnoll's attack.
You hit the iguana.
You kill the iguana!
The gnoll barely misses you. The gnoll hits you with a +0 halberd!
* * * LOW HITPOINT WARNING * * *
Things that are here:
a +0 whip; an iguana corpse; a gnoll corpse
Casting: Momentum Strike (safe; 14% risk of failure)
Confirm with . or Enter, or press ? or * to list all spells.
Aiming: Momentum Strike (safe; 14% risk of failure)
Press: ? - help, Dir - move target, f - gnoll
Aim: a gnoll, wielding a +0 halberd (72% to hit)
The concentrated momentum hits the gnoll!
The gnoll is almost dead.
You are unable to move.
The gnoll hits you with a +0 halberd.
* * * LOW HITPOINT WARNING * * *
You closely miss the gnoll.
The gnoll is almost dead.
The gnoll barely misses you. The gnoll hits you with a +0 halberd.
You die...

### ### #.#
..##############.#
#.#........†.....#
#.#.############.#
#.#.## #@# .....# #g#
..<..# #.# .....#
######.###### .....#
#...........# .....#
####.g.........#
.....###..l...........#
.....##..≈≈≈☼≈........#
.....##..≈§≈≈≈....[...#


You could see a gnoll.

Vanquished Creatures
  A jelly (D:4)
  A hound (D:4)
  Natasha (twice) (D:2)
  3 iguanas
  2 orc wizards (D:3)
  5 gnolls
  4 adders
  A worm (D:3)
  8 orcs
  11 ball pythons
  5 endoplasms
  4 giant cockroaches
  7 goblins
  11 hobgoblins
  6 jackals
  3 quokkas
  5 bats
  5 frilled lizards
  5 kobolds
  5 rats
94 creatures vanquished.

Notes
Turn   | Place    | Note
-------+----------+-------------------------------------------
     0 | D:1      | safid the Gargoyle Reaver began the quest for the Orb.
     0 | D:1      | Reached XP level 1. HP: 12/12 MP: 3/3
   137 | D:1      | Reached XP level 2. HP: 16/18 MP: 5/5
   613 | D:1      | Reached XP level 3. HP: 22/22 MP: 6/6
  1254 | D:2      | Found a basalt altar of Yredelemnul.
  1316 | D:2      | Found a faded altar of an unknown god.
  1422 | D:2      | Noticed Natasha
  1434 | D:2      | Killed Natasha
  1435 | D:2      | Reached XP level 4. HP: 19/28 MP: 6/8
  1697 | D:2      | Noticed Natasha
  1709 | D:2      | Killed Natasha
  1714 | D:2      | Learned a level 2 spell: Momentum Strike
  1717 | D:2      | Learned a level 2 spell: Blink
  1970 | D:3      | Found an ancient bone altar of Kikubaaqudgha.
  2145 | D:3      | Reached XP level 5. HP: 31/32 MP: 6/9
  2478 | D:3      | Reached skill level 1 in Shields
  2576 | D:3      | Found a sacrificial altar of Ru.
  2590 | D:3      | Reached skill level 1 in Armour
  2683 | D:3      | Reached skill level 1 in Translocations
  2771 | D:3      | Found a faded altar of an unknown god.
  2773 | D:3      | Found a hazy altar of Hepliaklqana.
  2775 | D:3      | Found a faded altar of an unknown god.
  2777 | D:3      | Reached XP level 6. HP: 38/38 MP: 7/10
  3723 | D:4      | Noticed turdburglar's ghost (amateur KoGl)
  3723 | D:4      | Noticed a water moccasin
  3728 | D:4      | Found a runed translucent gate.
  3728 | D:4      | Found a runed translucent gate.
  3740 | D:4      | Found a runed translucent gate.
  4040 | D:5      | Entered Level 5 of the Dungeon
  4107 | D:5      | Found a shimmering blue altar of Sif Muna.
  4214 | D:5      | Slain by a gnoll

Illustrated notes

Levels and vault maps discovered:
D:1:      eino_arrival_cavern_b, layout_basic, kennysheep_minor_cross,
          minmay_misc_feat_iff
D:2:      layout_basic, basic_altar, nicolae_ecumenical_pavilion,
          wander_ebering_terrifying_dragon_lair, uniq_natasha
D:3:      layout_loops_ring, kiku_gazebo_pond_becter,
          nicolae_ru_great_annihilating_truth,
          nicolae_hepliaklqana_ecumenical_no_more, supply_closet_lemuel
D:4:      layout_loops_cross, gammafunk_ghost_split, uniq_crazy_yiuf_cottage
D:5:      layout_basic, nicolae_sif_muna_condensation

Skill      XL: |  1  2  3  4  5  6 |
---------------+-------------------+-----
Fighting       | 3 4 |  4.2
Conjurations   | 4 |  4.9
Spellcasting   | 3 |  3.5
Shields        | 1 2 |  2.1
Armour         | 1 2 |  2.1
Translocations | 1 |  1.6
Maces & Flails | |  3.0
Dodging        | |  1.5

Action                     |  1- 3 |  4- 6 || total
---------------------------+-------+-------++-------
  Melee: Mace              |   111 |   263 ||   374
         Punch             |     1 |     1 ||     2
   Cast: Momentum Strike   |       |    11 ||    11
         Kiss of Death     |       |     3 ||     3
   Stab: Invisible         |       |     1 ||     1
 Armour: Leather armour    |    35 |   116 ||   151
  Dodge: Dodged            |    87 |   137 ||   224
  Block: Buckler           |       |    29 ||    29
